 Dungeon Sprint DCSS version 0.16-a0-4004-g8d6611c (webtiles) character file.

11100000 PolkaDot the Axe Maniac (level 27, -1/249 HPs)
             Began as a Demonspawn Monk on Feb 15, 2015.
             Was the Champion of Makhleb.
             Killed by divine providence
             ... invoked by an accursed
              (12 damage)
             ... in the Dungeon (Sprint VIII: "Arena of Blood").
             The game lasted 00:03:47 (111 turns).

PolkaDot the Axe Maniac (Demonspawn Monk)            Turns: 111, Time: 00:03:47

Health: -1/249     AC:  8    Str: 12    XL:     27
Magic:  35/49      EV: 40    Int: 12    God:    Makhleb [******]
Gold:   0          SH:  0    Dex: 28    Spells: 0 memorised, 80 levels left

rFire  . . .     SeeInvis .     i - +∞ Axe of Woe
rCold  + . .     Clarity  .     a - +0 robe
rNeg   + . .     SustAb   .     (no shield)
rPois  .         Gourm    .     (no helmet)
rElec  .         Spirit   .     (no cloak)
rCorr  +         Warding  .     (gloves unavailable)
rMut   .         NoTele   +     (no boots)
MR     ++...                    (no amulet)
Stlth  +++++++++.               (no ring)
                                (no ring)

@: very resistant to hostile enchantments, incredibly stealthy
A: claws 3, yellow scales 3, cold resistance 1, icemail, negative energy
resistance 1, powered by death 3, 50% torment resistance, black mark, freezing
cloud immunity
a: Minor Destruction, Lesser Servant of Makhleb, Major Destruction, Greater
Servant of Makhleb, Renounce Religion


You were in the Dungeon.
You worshipped Makhleb.
Makhleb was exalted by your worship.
You were not hungry.

You visited 1 branch

Inventory:

Hand weapons
 i - the +∞ Axe of Woe (weapon)
   (You found it in the Dungeon)
Armour
 a - a +0 robe (worn)
Scrolls
 h - a scroll of blinking
Potions
 c - a potion of curing
 e - a potion of haste
 f - 2 potions of magic
 g - a potion of berserk rage
Comestibles
 b - a bread ration


   Skills:
 O Level 27 Fighting
 O Level 27 Axes
 O Level 27 Throwing
 O Level 27 Armour
 O Level 27 Dodging
 O Level 27 Stealth
 O Level 27 Unarmed Combat
 O Level 27 Spellcasting
 O Level 27 Invocations


You had 80 spell levels left.
You didn't know any spells.

Dungeon Overview and Level Annotations

Branches:
Dungeon (1/1)

Altars:
Makhleb

Annotations:
D The Defiler


Innate Abilities, Weirdness & Mutations

You have claws for hands.
You are completely covered in yellow scales (AC +4, rCorr).
Your flesh is cold resistant.
A meltable icy envelope protects you from harm and freezing vapours (AC +0).
You resist negative energy.
You can steal the life force of all defeated enemies in sight.
You are somewhat able to resist unholy torments (1 in 2 success).
Your melee attacks sometimes drain vitality from your foes.
You are immune to freezing clouds.


Message History

You feel much better.
You are engulfed in roaring flames.
* * * LOW HITPOINT WARNING * * *
You hear a shout! x2
The meat berserker is engulfed in roaring flames.
You hear a shout! x5
The dread calls on the powers of darkness!
You feel a surge of unholy energy.
The meat berserker convulses!
The Defiler convulses!
You hear a shout!
The accursed gestures at you while chanting.
Something smites you!
* * * LOW HITPOINT WARNING * * *
You hear a shout! x2
The meat berserker is engulfed in roaring flames.
The meat berserker hits you with a +9 battleaxe!!!
* * * LOW HITPOINT WARNING * * *
You hear a shout! x2
The accursed points at you and mumbles some strange words.
Something smites you!
You die...

...@ . o.. ...
#W. ..# . #.. ..#
..###@L M.###..
.......###......
#2..o.z)§_.......
#)§O§)# . #_)@)_#
.
.....#.))W.#.....
........_W.......
.....M.###.......
.###.. ..###..
#.O ..# #.. ..#
... ... . . .


You could see 2 accurseds, a tyrant, a sculptor of flesh, The Defiler, 3 dreads,
2 meat berserkers and 2 bags of meat.

Vanquished Creatures
  6 greater mummies (D)
  8 hell beasts (D)
  4 hill giants (D)
  4 hydras (D)
  7 liches (D)
  31 ogres (D)
  53 orcs (D)
  2 phantoms (D)
  4 skeletal warriors (D)
  10 vampire knights (D)
  5 wraiths (D)
  3 tentacled monstrosities (D)
  7 small abominations (D)
  A soul eater (D)
  12 large abominations (D)
  5 crawling corpses (D)
162 creatures vanquished.

Notes
Turn   | Place    | Note
--------------------------------------------------------------
     0 | D        | PolkaDot, the Demonspawn Monk, began the quest for the Orb.
     0 | D        | Reached XP level 1. HP: 18/18 MP: 1/1
     3 | D        | Noticed a bag of meat
     3 | D        | Noticed a bag of meat
     4 | D        | Became a worshipper of Makhleb the Destroyer
     4 | D        | Acquired Makhleb's first power
     4 | D        | Acquired Makhleb's second power
     5 | D        | Noticed a bag of meat
     5 | D        | Noticed a bag of meat
     6 | D        | Noticed a bag of meat
     7 | D        | Noticed a meat berserker
     7 | D        | Killed a bag of meat
     7 | D        | Reached skill level 23 in Axes
     7 | D        | Gained mutation: You have sharp fingernails. [demonic ancestry]
     7 | D        | Reached XP level 2. HP: 24/24 MP: 2/2
     7 | D        | Reached XP level 3. HP: 29/29 MP: 3/3
     7 | D        | Gained mutation: Your flesh is cold resistant. [demonic ancestry]
     7 | D        | Reached XP level 4. HP: 35/35 MP: 4/4
     7 | D        | Reached XP level 5. HP: 41/41 MP: 5/5
     7 | D        | Gained mutation: You are immune to freezing clouds. [demonic ancestry]
     7 | D        | Reached XP level 6. HP: 47/47 MP: 6/6
     7 | D        | Reached XP level 7. HP: 52/52 MP: 7/7
     7 | D        | Gained mutation: You can steal the life force of nearby defeated enemies. [demonic ancestry]
     7 | D        | Reached XP level 8. HP: 58/58 MP: 8/8
     7 | D        | Gained mutation: You can steal the life force of defeated enemies. [demonic ancestry]
     7 | D        | Reached XP level 9. HP: 63/63 MP: 9/9
     7 | D        | Reached XP level 10. HP: 70/70 MP: 10/10
     7 | D        | Reached XP level 11. HP: 75/75 MP: 11/11
     8 | D        | Noticed a bag of meat
     8 | D        | Killed a meat berserker
     8 | D        | Reached skill level 26 in Axes
     8 | D        | Gained mutation: You have very sharp fingernails. [demonic ancestry]
     8 | D        | Reached XP level 12. HP: 81/81 MP: 12/12
     8 | D        | Killed a bag of meat
     8 | D        | Acquired Makhleb's third power
     8 | D        | Reached skill level 27 in Axes
     8 | D        | Reached skill level 5 in Dodging
     8 | D        | Reached XP level 13. HP: 85/93 MP: 13/13
    10 | D        | Noticed a meat berserker
    10 | D        | Killed a bag of meat
    12 | D        | Noticed a meat berserker
    12 | D        | Noticed a meat berserker
    12 | D        | Killed a bag of meat
    12 | D        | Acquired Makhleb's fourth power
    12 | D        | Reached skill level 10 in Dodging
    12 | D        | Reached skill level 15 in Unarmed Combat
    12 | D        | Gained mutation: A meltable icy envelope protects you from harm and freezing vapours (AC +0). [demonic ancestry]
    12 | D        | Reached XP level 14. HP: 107/113 MP: 14/14
    12 | D        | Killed a meat berserker
    12 | D        | Reached skill level 5 in Stealth
    13 | D        | Noticed a bag of meat
    14 | D        | Noticed a bag of meat
    14 | D        | Killed a bag of meat
    14 | D        | Gained mutation: You are partially covered in yellow scales (AC +2). [demonic ancestry]
    14 | D        | Reached XP level 15. HP: 121/126 MP: 15/15
    14 | D        | Killed a meat berserker
    14 | D        | Acquired Makhleb's fifth power
    14 | D        | Reached skill level 15 in Fighting
    15 | D        | Noticed a bag of meat
    15 | D        | Killed a meat berserker
    16 | D        | Noticed a meat berserker
    17 | D        | Killed a bag of meat
    17 | D        | Reached skill level 15 in Dodging
    18 | D        | Noticed a meat berserker
    19 | D        | Noticed a meat berserker
    19 | D        | Killed a bag of meat
    19 | D        | Reached XP level 16. HP: 139/143 MP: 16/16
    19 | D        | Killed a meat berserker
    20 | D        | Noticed a bag of meat
    21 | D        | Noticed a bag of meat
    21 | D        | Noticed a meat berserker
    21 | D        | Noticed a bag of meat
    21 | D        | Killed a bag of meat
    21 | D        | Killed a bag of meat
    22 | D        | Noticed a bag of meat
    22 | D        | Noticed a meat berserker
    23 | D        | Killed a meat berserker
    23 | D        | Reached skill level 27 in Unarmed Combat
    23 | D        | Gained mutation: You are mostly covered in yellow scales (AC +3). [demonic ancestry]
    23 | D        | Reached XP level 17. HP: 154/158 MP: 17/17
    23 | D        | Killed a bag of meat
    24 | D        | Noticed a bag of meat
    25 | D        | Noticed a bag of meat
    26 | D        | Noticed a meat berserker
    26 | D        | Noticed a bag of meat
    26 | D        | Noticed a bag of meat
    26 | D        | Killed a meat berserker
    26 | D        | Reached skill level 10 in Stealth
    26 | D        | Killed a bag of meat
    26 | D        | Killed a meat berserker
    27 | D        | Noticed a bag of meat
    27 | D        | Noticed a bag of meat
    27 | D        | Killed a meat berserker
    27 | D        | Reached XP level 18. HP: 178/181 MP: 18/18
    28 | D        | Noticed a destroyer
    28 | D        | Noticed a large bag of meat
    29 | D        | Noticed a bag of meat
    29 | D        | Noticed a bag of meat
    29 | D        | Noticed a bag of meat
    29 | D        | Noticed a bag of meat
    29 | D        | Noticed a bag of meat
    29 | D        | Noticed a meat berserker
    29 | D        | Killed a bag of meat
    29 | D        | Reached skill level 27 in Fighting
    30 | D        | Noticed a bag of meat
    31 | D        | Killed a bag of meat
    31 | D        | Killed a bag of meat
    31 | D        | Reached skill level 27 in Dodging
    31 | D        | Reached skill level 15 in Stealth
    31 | D        | Killed a bag of meat
    32 | D        | Noticed a bag of meat
    32 | D        | Killed a bag of meat
    33 | D        | Noticed a bag of meat
    33 | D        | Noticed a destroyer
    33 | D        | Killed a bag of meat
    33 | D        | Reached XP level 19. HP: 189/189 MP: 18/18
    33 | D        | Killed a bag of meat
    34 | D        | Noticed a destroyer
    34 | D        | Killed a meat berserker
    34 | D        | Reached skill level 27 in Stealth
    35 | D        | Killed a bag of meat
    36 | D        | Noticed a meat berserker
    36 | D        | Killed a destroyer
    37 | D        | Killed a bag of meat
    37 | D        | Reached skill level 10 in Throwing
    37 | D        | Reached skill level 10 in Armour
    37 | D        | Reached skill level 10 in Spellcasting
    37 | D        | Killed a bag of meat
    37 | D        | Gained mutation: You resist negative energy. [demonic ancestry]
    37 | D        | Reached XP level 20. HP: 197/197 MP: 18/37
    37 | D        | Killed a bag of meat
    37 | D        | Killed a bag of meat
    38 | D        | Noticed a bag of meat
    38 | D        | Noticed a destroyer
    38 | D        | Noticed a large bag of meat
    39 | D        | Killed a bag of meat
    39 | D        | Reached skill level 15 in Throwing
    39 | D        | Reached skill level 15 in Armour
    39 | D        | Reached skill level 15 in Spellcasting
    39 | D        | Killed a bag of meat
    40 | D        | Noticed a bag of meat
    40 | D        | Killed a destroyer
    40 | D        | Killed a bag of meat
    41 | D        | Killed a bag of meat
    41 | D        | Gained mutation: You can steal the life force of all defeated enemies in sight. [demonic ancestry]
    41 | D        | Reached XP level 21. HP: 204/204 MP: 19/42
    42 | D        | Killed a meat berserker
    42 | D        | Killed a destroyer
    43 | D        | Noticed a bag of meat
    44 | D        | Noticed a bag of meat
    44 | D        | Noticed a large bag of meat
    44 | D        | Killed a meat berserker
    44 | D        | Reached skill level 27 in Invocations
    45 | D        | Noticed a destroyer
    46 | D        | Noticed an accursed
    46 | D        | Killed a large bag of meat
    46 | D        | Killed a large bag of meat
    48 | D        | Noticed a tyrant
    48 | D        | Killed a bag of meat
    48 | D        | Killed a destroyer
    49 | D        | Noticed a meat berserker
    50 | D        | Noticed a tyrant
    50 | D        | Killed a bag of meat
    51 | D        | Noticed a meat berserker
    51 | D        | Killed a destroyer
    51 | D        | Gained mutation: You are completely covered in yellow scales (AC +4, rCorr). [demonic ancestry]
    51 | D        | Reached XP level 22. HP: 212/212 MP: 21/46
    52 | D        | Noticed a destroyer
    52 | D        | Noticed a bag of meat
    53 | D        | Noticed a sculptor of flesh
    53 | D        | Killed a meat berserker
    53 | D        | Killed a large bag of meat
    54 | D        | Noticed a bag of meat
    54 | D        | Noticed a tyrant
    54 | D        | Killed a tyrant
    55 | D        | Noticed a bag of meat
    55 | D        | Killed an accursed
    56 | D        | Noticed an accursed
    56 | D        | Killed a meat berserker
    56 | D        | Reached skill level 27 in Throwing
    56 | D        | Killed a tyrant
    56 | D        | Reached skill level 27 in Armour
    56 | D        | Reached skill level 27 in Spellcasting
    58 | D        | Noticed a meat berserker
    58 | D        | Noticed a bag of meat
    58 | D        | Noticed a bag of meat
    59 | D        | Killed a bag of meat
    59 | D        | Killed a destroyer
    60 | D        | Noticed a sculptor of flesh
    60 | D        | Noticed a tyrant
    60 | D        | Noticed a meat beast
    61 | D        | Noticed a meat berserker
    61 | D        | Killed a bag of meat
    62 | D        | Noticed a meat berserker
    63 | D        | Noticed a bag of meat
    63 | D        | Noticed a destroyer
    63 | D        | Noticed a meat berserker
    63 | D        | Killed a meat berserker
    63 | D        | Gained mutation: You have claws for hands. [demonic ancestry]
    63 | D        | Reached XP level 23. HP: 219/219 MP: 24/48
    64 | D        | Killed a meat beast
    65 | D        | Noticed a meat berserker
    65 | D        | Noticed a tyrant
    65 | D        | Noticed a dread
    65 | D        | Noticed a meat berserker
    65 | D        | Killed a bag of meat
    66 | D        | Noticed a tyrant
    66 | D        | Killed a tyrant
    67 | D        | Noticed a dread
    67 | D        | Killed an accursed
    67 | D        | Killed a meat berserker
    68 | D        | Killed a meat berserker
    69 | D        | Killed a bag of meat
    69 | D        | Killed a meat berserker
    69 | D        | Noticed a bag of meat
    70 | D        | Noticed a meat berserker
    70 | D        | Noticed a meat berserker
    70 | D        | Noticed an accursed
    70 | D        | Killed a destroyer
    70 | D        | Killed a meat berserker
    70 | D        | Reached XP level 24. HP: 227/227 MP: 25/48
    71 | D        | Noticed a meat berserker
    71 | D        | Killed a meat berserker
    71 | D        | Killed a meat berserker
    72 | D        | Noticed an accursed
    72 | D        | Noticed a meat beast
    72 | D        | Noticed a meat beast
    73 | D        | Noticed a meat beast
    73 | D        | Noticed a sculptor of flesh
    73 | D        | Noticed a tyrant
    73 | D        | Killed a tyrant
    73 | D        | Killed a meat berserker
    73 | D        | Killed a bag of meat
    73 | D        | Killed a bag of meat
    74 | D        | Noticed a bag of meat
    74 | D        | Killed a bag of meat
    74 | D        | Killed a dread
    74 | D        | Killed a bag of meat
    75 | D        | Noticed a meat berserker
    76 | D        | Noticed a meat berserker
    76 | D        | Noticed a meat beast
    76 | D        | Killed a meat beast
    76 | D        | Killed a meat beast
    76 | D        | Killed a meat berserker
    76 | D        | Noticed a bag of meat
    77 | D        | Noticed a bag of meat
    77 | D        | Noticed a destroyer
    77 | D        | Killed a tyrant
    77 | D        | Killed a meat beast
    77 | D        | Reached XP level 25. HP: 234/234 MP: 27/49
    78 | D        | Noticed a meat beast
    79 | D        | Noticed a meat berserker
    79 | D        | Noticed a dread
    79 | D        | Noticed a destroyer
    79 | D        | Noticed a meat berserker
    79 | D        | Killed a meat beast
    79 | D        | Killed an accursed
    80 | D        | Noticed a sculptor of flesh
    80 | D        | Killed a meat berserker
    80 | D        | Killed a tyrant
    81 | D        | Noticed a dread
    81 | D        | Killed a meat beast
    81 | D        | Killed an accursed
    81 | D        | Killed a meat berserker
    82 | D        | Noticed a bag of meat
    82 | D        | Noticed a bag of meat
    82 | D        | Killed a destroyer
    82 | D        | Killed a dread
    82 | D        | Killed a bag of meat
    82 | D        | Noticed a bag of meat
    82 | D        | Noticed a bag of meat
    83 | D        | Noticed a destroyer
    83 | D        | Noticed a dread
    84 | D        | Noticed a meat berserker
    84 | D        | Killed a meat berserker
    84 | D        | Killed a destroyer
    84 | D        | Killed a meat berserker
    85 | D        | Noticed a bag of meat
    85 | D        | Noticed a bag of meat
    85 | D        | Killed a bag of meat
    86 | D        | Noticed a bag of meat
    86 | D        | Noticed a bag of meat
    87 | D        | Noticed a bag of meat
    87 | D        | Killed a sculptor of flesh
    87 | D        | Gained mutation: You are somewhat able to resist unholy torments (1 in 2 success). [demonic ancestry]
    87 | D        | Reached XP level 26. HP: 242/242 MP: 29/49
    88 | D        | Noticed a meat berserker
    88 | D        | Killed a dread
    88 | D        | Killed a tyrant
    88 | D        | Killed a bag of meat
    89 | D        | Noticed a meat berserker
    89 | D        | Killed a bag of meat
    90 | D        | Killed a meat berserker
    90 | D        | Killed a dread
    91 | D        | Noticed a sculptor of flesh
    91 | D        | Noticed a meat berserker
    91 | D        | Killed a bag of meat
    91 | D        | Killed a sculptor of flesh
    92 | D        | Killed a meat berserker
    93 | D        | Noticed a bag of meat
    93 | D        | Noticed a meat beast
    93 | D        | Killed a dread
    94 | D        | Noticed a meat beast
    94 | D        | Noticed a large bag of meat
    94 | D        | Killed a bag of meat
    95 | D        | Noticed an accursed
    95 | D        | Killed a bag of meat
    96 | D        | Killed a meat beast
    96 | D        | Killed a bag of meat
    96 | D        | Killed a meat berserker
    97 | D        | Noticed a meat beast
    97 | D        | Noticed a bag of meat
    97 | D        | Noticed a bag of meat
    97 | D        | Killed a bag of meat
    98 | D        | Noticed a dread
    99 | D        | Noticed a bag of meat
    99 | D        | Noticed a bag of meat
    99 | D        | Killed a meat beast
    99 | D        | Killed a bag of meat
   100 | D        | Noticed a bag of meat
   100 | D        | Killed a meat berserker
   100 | D        | Killed a bag of meat
   100 | D        | Gained mutation: Your melee attacks sometimes drain vitality from your foes. [demonic ancestry]
   100 | D        | Reached XP level 27. HP: 249/249 MP: 32/49
   101 | D        | Noticed an eight-headed meat hydra
   101 | D        | Noticed a large bag of meat
   101 | D        | Killed a wretched soul
   101 | D        | Killed a bag of meat
   102 | D        | Noticed a bag of meat
   102 | D        | Noticed a meat beast
   102 | D        | Noticed The Defiler
   103 | D        | Noticed an accursed
   104 | D        | Noticed an accursed
   104 | D        | Killed a bag of meat
   104 | D        | Killed a sculptor of flesh
   104 | D        | Killed a destroyer
   104 | D        | Killed a wretched soul
   105 | D        | Noticed an accursed
   105 | D        | Noticed a tyrant
   106 | D        | Noticed a meat berserker
   106 | D        | Noticed a dread
   106 | D        | Killed a bag of meat
   106 | D        | Killed an accursed
   106 | D        | Killed a bag of meat
   107 | D        | Killed a sculptor of flesh
   109 | D        | Noticed a dread
   109 | D        | Killed a bag of meat
   110 | D        | Noticed a tyrant
   110 | D        | Killed a nine-headed meat hydra
   110 | D        | Killed a large bag of meat
   110 | D        | Killed an accursed
   111 | D        | Noticed a meat berserker
   111 | D        | HP: 11/249 [meat berserker/+9 battleaxe (53)]
   111 | D        | Killed from afar by an accursed

Action                   |  1- 3 |  4- 6 |  7- 9 | 10-12 | 13-15 | 16-18 | 19-21 | 22-24 | 25-27 || total
-------------------------+-------+-------+-------+-------+-------+-------+-------+-------+-------++-------
Melee: Executioner's axe |     1 |       |       |     1 |     6 |     8 |    13 |    20 |    28 ||    77
  Use: Potion            |       |       |       |       |       |       |       |       |     1 ||     1
